 Dungeon Crawl Stone Soup version 0.28.0-47-ge53b351184 (webtiles) character file.

Game seed: 15884270757193576492

109 bobregger the Cudgeller (level 4, -1/48 HPs)
             Began as an Ogre Berserker on May 5, 2022.
             Was a Believer of Trog.
             Slain by Natasha (3 damage)
             ... on level 3 of the Dungeon.
             The game lasted 00:02:27 (2879 turns).

bobregger the Cudgeller (Ogre Berserker)            Turns: 2879, Time: 00:02:28

Health: -1/48      AC:  3    Str: 21    XL:     4   Next: 90%
Magic:  4/4        EV: 10    Int:  8    God:    Trog [**....]
Gold:   79         SH:  0    Dex: 10    Spells: 3/3 levels left

rFire   . . .      SeeInvis .   a - +0 mace
rCold   . . .      Faith    .   (no shield)
rNeg    . . .      Spirit   .   b - +0 animal skin
rPois   .          Reflect  .   (helmet restricted)
rElec   .          Harm     .   (no cloak)
rCorr   .          Rampage  .   (gloves unavailable)
Will    .....                   (boots unavailable)
Stlth   +.........              (no amulet)
HPRegen 0.16/turn               (no ring)
MPRegen 0.09/turn               (no ring)

@: no status effects
A: large, unfitting armour, tough skin 1
a: Renounce Religion, Berserk, Trog's Hand


You were on level 3 of the Dungeon.
You worshipped Trog.
Trog was pleased with you.
You visited 1 branch of the dungeon, and saw 3 of its levels.

You collected 79 gold pieces.

Inventory:

Hand Weapons
 a - a +0 mace (weapon)
Armour
 b - a +0 animal skin (worn)
Jewellery
 f - a ring of ice
 i - a +6 ring of intelligence
Scrolls
 d - a scroll of enchant weapon {unknown}
 e - a scroll of summoning {unknown}
 g - 2 scrolls of fear {unknown}
 h - 4 scrolls of identify {unknown}
 l - a scroll of silence {unknown}
 m - a scroll of torment {unknown}
Potions
 c - a potion of might {unknown}
 j - a potion of flight {unknown}
 k - a potion of magic {unknown}


   Skills:
 - Level 4.0 Fighting
 + Level 4.9 Maces & Flails
 - Level 2.6 Dodging


You had 3 spell levels left.
You didn't know any spells.
Your spell library was empty.

Dungeon Overview and Level Annotations

Branches:
Dungeon (3/15)

Altars:
Gozag

Annotations:
D:3 Natasha


Innate Abilities, Weirdness & Mutations

You are too large for most types of armour.
You have tough skin. (AC +1)


Message History

Natasha is nearby!
Natasha is nearby!
A ball python comes into view.
The ball python hisses angrily.
Natasha hisses angrily.
Natasha stares at you and mumbles some strange words.
You resist with some effort.
You hit Natasha.
Natasha is lightly wounded.
Natasha claws you. The ball python closely misses you. Natasha claws you.
You sock Natasha!
Natasha is severely wounded.
The ball python bites you but does no damage. x2
Natasha stares at you and mumbles some strange words.
The magic dart hits you.
You barely miss Natasha.
Natasha is severely wounded.
The ball python bites you. Natasha barely misses you.
You completely miss Natasha.
Natasha is severely wounded.
The ball python bites you.
Natasha zaps a wand.
The puff of flame hits you!
* * * LOW HITPOINT WARNING * * *
The ball python barely misses you.
You hit Natasha.
Natasha is almost dead.
Natasha claws you but does no damage.
The ball python bites you but does no damage.
You completely miss Natasha.
Natasha is almost dead.
The ball python bites you.
* * * LOW HITPOINT WARNING * * *
Natasha claws you but does no damage. The ball python bites you.
* * * LOW HITPOINT WARNING * * *
You barely miss Natasha.
Natasha is almost dead.
Natasha zaps a wand.
The puff of flame hits you.
* * * LOW HITPOINT WARNING * * *
The ball python bites you.
* * * LOW HITPOINT WARNING * * *
Natasha claws you.
You die...

#.####.### ## #.........
.. ######.### #. ##.##
##.## ### #...# #....
..# #...# ###...####.#
#...## ###....h...#.#
#..>..
......S@...#.######.†..#
...........#.#..........
...........†........[..>
...##..<##.###..........
.. #.####.# ####.#....#
# #. ..# #.#..... ##
...# #....... .####
#.#..... #. #.......


You could see Natasha and a ball python.

Vanquished Creatures
  Jessica (D:2)
  Natasha (D:3)
  An adder (D:3)
  2 dart slugs
  4 ball pythons
  4 endoplasms
  A giant cockroach (D:1)
  9 goblins
  A hobgoblin (D:1)
  A jackal (D:1)
  6 quokkas
  2 bats (D:1)
  5 frilled lizards
  3 kobolds
  5 rats
46 creatures vanquished.

Notes
Turn   | Place    | Note
-------+----------+-------------------------------------------
     0 | D:1      | bobregger the Ogre Berserker began the quest for the Orb.
     0 | D:1      | Reached XP level 1. HP: 24/24 MP: 1/1
   172 | D:1      | Reached XP level 2. HP: 18/32 MP: 2/2
  1010 | D:1      | Reached XP level 3. HP: 39/39 MP: 3/3
  1421 | D:2      | Found a faded altar of an unknown god.
  1453 | D:2      | Noticed Jessica
  1473 | D:2      | Killed Jessica
  1474 | D:2      | Reached XP level 4. HP: 12/46 MP: 4/4
  1744 | D:2      | Found an opulent altar of Gozag.
  2434 | D:3      | Noticed Natasha
  2438 | D:3      | Killed Natasha
  2698 | D:3      | Reached ** piety under Trog
  2868 | D:3      | Noticed Natasha
  2879 | D:3      | HP: 2/48 [ball python (1)]
  2879 | D:3      | Slain by Natasha

Illustrated notes

Levels and vault maps discovered:
D:1:      lemuel_arrival_rhombus, layout_basic, chequers_serial_rivers_small_a,
          minmay_pentomino_p4
D:2:      layout_loops_cross, basic_altar, shapermc_ecumenical_altar_venn,
          uniq_jessica
D:3:      layout_loops_cross, serial_shops, nicolae_shop_statue_plus,
          uniq_natasha, uniq_robin, uniq_terence

Skill      XL: |  1  2  3 |
---------------+----------+-----
Maces & Flails | 3 4 |  4.9
Fighting       | |  4.0
Dodging        | |  2.6

Action                   |  1- 3 |  4- 6 || total
-------------------------+-------+-------++-------
Melee: Mace              |   113 |    53 ||   166
       Punch             |     1 |       ||     1
Invok: Berserk           |     1 |       ||     1
Armor: Animal skin       |    46 |    14 ||    60
Dodge: Dodged            |    89 |    25 ||   114
